 Dungeon Crawl Stone Soup version bcrawl-1.35.5c (webtiles) character file.

Game seed: 164271141822887113

22843886 Artagas the Eternal Night (level 27, 217/217 HPs)
             Began as a Merfolk Gladiator on Mar 15, 2022.
             Was the Champion of Dithmenos.
             Escaped with the Orb
             ... and 8 runes on Mar 17, 2022!
             The game lasted 04:46:02 (68966 turns).

Artagas the Eternal Night (Merfolk Gladiator)      Turns: 68966, Time: 04:46:03

Health: 217/217    AC: 34    Str: 25    XL:     27
Magic:  37/40      EV: 30    Int: 10    God:    Dithmenos [******]
Gold:   287        SH:  0    Dex: 26    Spells: 26/26 levels left

rFire    + . .     SeeInvis +   a - +9 bardiche (chop)
rCold    + + .     Gourm    .   (shield currently unavailable)
rNeg     + + +     Faith    .   o - +12 gold dragon scales "Nyje" {rElec rPois rF+ rC+ Str+2}
rPois    ∞         Spirit   .   I - +0 helmet of Depression {rN+ Int+3 Dex+4}
rElec    +         Reflect  .   V - scarf {repulsion}
rCorr    .         Clarity  +   p - +2 pair of gloves
MR       +++++                  r - +2 pair of boots {run}
Stlth    ..........             m - amulet of the Four Winds {rN+ MR+++ Clar}
HPRegen  0.46/turn              u - +6 ring of evasion
MPRegen  0.27/turn              g - ring "Cehiaf" {+Inv rN++ SInv}

@: shadow-form, hasted, studying 2 skills, lightly drained, invisible, repel
missiles, very quick
A: (change form in water), (swift swim), (stealthy swim), clumsy 1, cold
resistance 1, deformed body, frail 1, evolution 1
0: Orb of Zot
}: 8/15 runes: barnacled, silver, demonic, glowing, magical, fiery, dark,
gossamer
a: End Transformation, Shadow Step, Shadow Form, Renounce Religion, Evoke
Invisibility


You escaped.
You worshipped Dithmenos.
Dithmenos was exalted by your worship.
You were not hungry.
You were a swirling mass of dark shadows.
You visited 10 branches of the dungeon, and saw 42 of its levels.
You visited Pandemonium 2 times, and saw 18 of its levels.
You visited the Abyss 1 time.
You visited 2 bazaars.
You also visited: Sewer, Ice Cave, Volcano and Wizlab.

You collected 6484 gold pieces.
You spent 6197 gold pieces at shops.

Inventory:

Hand Weapons
 a - a +9 bardiche of chopping (weapon)
   (You took it off an orc warlord on level 1 of the Vaults)
 b - a +6 antimagic bardiche
   (You took it off a vault warden on level 2 of the Vaults)
Missiles
 C - 12 throwing nets {=f}
 G - 240 javelins (quivered)
 M - 51 javelins of penetration {=f}
Armour
 o - the +12 gold dragon scales "Nyje" (worn) {rElec rPois rF+ rC+ Str+2}
   (You acquired it on level 2 of the Elven Halls)

   It affects your strength (+2).
   It protects you from fire.
   It protects you from cold.
   It insulates you from electricity.
   It protects you from poison.
 p - a +2 pair of gloves (worn)
   (You found it on level 3 of the Vaults)
 r - a +2 pair of boots of running (worn)
   (You bought it in a shop in the Orcish Mines)
 I - the +0 helmet of Depression (worn) {rN+ Int+3 Dex+4}
   (You found it on level 3 of the Shoals)

   It affects your intelligence (+3).
   It affects your dexterity (+4).
   It protects you from negative energy.
 V - a scarf of repulsion (worn)
   (You found it on level 3 of the Dungeon)
Jewellery
 f - an uncursed ring of protection from fire
   (You took it off a vault guard on level 3 of the Vaults)
 g - the ring "Cehiaf" (right hand) {+Inv rN++ SInv}
   (You found it in Pandemonium)

   [ring of see invisible]

   It greatly protects you from negative energy.
   It lets you see invisible.
   It lets you turn invisible.
 m - the amulet of the Four Winds (around neck) {rN+ MR+++ Clar}
   (You bought it in a shop on level 4 of the Depths)

   [amulet of nothing]

   It protects you from negative energy.
   It affects your resistance to hostile enchantments.
   It protects you against confusion.
 u - a +6 ring of evasion (left hand)
   (You found it on level 6 of the Lair of Beasts)
Wands
 k - a wand of scattershot (8)
   (You found it on level 4 of the Lair of Beasts)
 v - a wand of digging (33)
   (You found it on level 1 of the Lair of Beasts)
 D - a wand of iceblast (26)
   (You found it on level 3 of the Lair of Beasts)
 H - a wand of paralysis (27)
   (You found it on level 6 of the Dungeon)
 K - a wand of acid (9)
   (You found it on level 6 of the Lair of Beasts)
 W - a wand of enslavement (22)
   (You found it on level 7 of the Dungeon)
 X - a wand of clouds (4)
   (You bought it in a shop on level 4 of the Depths)
Scrolls
 j - 15 scrolls of fog
 l - 7 scrolls of immolation
 t - 8 scrolls of teleportation
 x - 2 scrolls of silence
 z - 7 scrolls of blinking
 L - 2 scrolls of magic mapping
 Y - 6 scrolls of fear
Potions
 c - a potion of invisibility
 d - 3 potions of might
 h - 2 potions of haste
 n - 2 potions of resistance
 q - 12 potions of curing
 s - 5 potions of agility
 w - 2 potions of heal wounds
 J - 3 potions of lignification
 N - 9 potions of flight
 O - 4 potions of magic
 R - 4 potions of mutation
 S - 4 potions of ambrosia
 Z - 2 potions of berserk rage
Miscellaneous
 i - 2 boxes of beasts
 y - a fan of gales (1/2)
   (You found it on level 5 of the Lair of Beasts)
 B - a lightning rod (4/4)
   (You found it on level 3 of the Lair of Beasts)
 E - a sack of spiders
   (You found it on level 3 of the Shoals)
 P - a phial of floods
   (You found it in Pandemonium)
 T - a lamp of fire
   (You found it on level 3 of the Lair of Beasts)
 U - 4 phantom mirrors
Comestibles
 e - 33 rations {!d}


   Skills:
 + Level 25.2(24.7) Fighting
 - Level 26.0(25.5) Polearms
 - Level 2.0(1.7) Throwing
 + Level 14.4(14.1) Armour
 + Level 23.8(23.4) Dodging
 - Level 14.0(13.6) Stealth
 O Level 27(26.5) Invocations
 - Level 13.0(12.6) Evocations


You had 26 spell levels left.
You didn't know any spells.
Your spell library contained the following spells:

 Spells                   Type           Power        Failure   Level  Hunger
 Throw Frost              Conj/Ice       #.....       99%         2    ####...
 Animate Skeleton         Necr           N/A          100%        1    None
 Apportation              Tloc           #.....       100%        1    None
 Corona                   Hex            #......      100%        1    None
 Flame Tongue             Conj/Fire      #....        100%        1    None
 Freeze                   Ice            #.....       100%        1    None
 Magic Dart               Conj           #...         100%        1    None
 Pain                     Necr           #.....       100%        1    None
 Shock                    Conj/Air       #....        100%        1    None
 Sting                    Conj/Pois      #...         100%        1    None
 Summon Butterflies       Summ           #.......     100%        1    None
 Blink                    Tloc           N/A          100%        2    ####...
 Call Imp                 Summ           #.....       100%        2    ####...
 Corpse Rot               Necr           N/A          100%        2    ####...
 Ensorcelled Hibernation  Hex/Ice        #.....       100%        2    ####...
 Flaming Arrows           Chrm/Fire      #.......     100%        2    ####...
 Passwall                 Tmut/Erth      #.......     100%        2    ####...
 Poisonous Vapours        Pois/Air       #.....       100%        2    ####...
 Shackle                  Hex            #.......     100%        2    ####...
 Sublimation of Blood     Necr           #.........   100%        2    ####...
 Swiftness                Chrm/Air       #.......     100%        2    ####...
 Beckoning                Tloc           #.........   100%        3    #####..
 Confuse                  Hex            #.......     100%        3    #####..
 Conjure Flame            Conj/Fire      #.......     100%        3    #####..
 Dazzling Orbs            Conj/Hex       #......      100%        3    #####..
 False Image              Hex/Summ       #.......     100%        3    #####..
 Ignite Poison            Fire/Tmut/Pois #.......     100%        3    #####..
 Inner Flame              Hex/Fire       N/A          100%        3    #####..
 Mephitic Cloud           Conj/Pois/Air  #.......     100%        3    #####..
 Ozocubu's Armour         Chrm/Ice       #.......     100%        3    #####..
 Recall                   Summ/Tloc      N/A          100%        3    #####..
 Regeneration             Chrm/Necr      #.........   100%        3    #####..
 Spider Form              Tmut/Pois      #..          100%        3    #####..
 Static Discharge         Air            #.......     100%        3    #####..
 Stone Arrow              Conj/Erth      #.....       100%        3    #####..
 Tukima's Dance           Hex            #.......     100%        3    #####..
 Vampiric Draining        Necr           #.........   100%        3    #####..
 Agony                    Necr           #.......     100%        4    ######.
 Airstrike                Air            #.........   100%        4    ######.
 Animate Dead             Necr           N/A          100%        4    ######.
 Cause Fear               Hex            #.........   100%        4    ######.
 Fulminant Prism          Conj/Hex       #.........   100%        4    ######.
 Ice Form                 Ice/Tmut       #.......     100%        4    ######.
 Olgreb's Toxic Radiance  Pois           #........    100%        4    ######.
 Petrify                  Tmut/Erth      #.........   100%        4    ######.
 Sticky Flame             Conj/Fire      #.......     100%        4    ######.
 Summon Ice Beast         Ice/Summ       #.......     100%        4    ######.
 Summon Scorpions         Summ/Pois      #.......     100%        4    ######.
 Throw Icicle             Conj/Ice       #.......     100%        4    ######.
 Tree Form                Hex/Tmut       N/A          100%        4    ######.
 Yara's Violent Unravell  Hex/Tmut       #.........   100%        4    ######.
 Bolt of Draining         Conj/Necr      #.........   100%        5    #######
 Bolt of Magma            Conj/Fire/Erth #.........   100%        5    #######
 Dispel Undead            Necr           #.......     100%        5    #######
 Fireball                 Conj/Fire      #.........   100%        5    #######
 Iskenderun's Battlesphe  Conj/Chrm      #.......     100%        5    #######
 Lightning Bolt           Conj/Air       #.........   100%        5    #######
 Metabolic Englaciation   Hex/Ice        #.........   100%        5    #######
 Piercing Shot            Chrm           #.........   100%        5    #######
 Silence                  Hex/Air        #.........   100%        5    #######
 Summon Demon             Summ           #.........   100%        5    #######
 Summon Forest            Summ/Tloc      #.........   100%        5    #######
 Summon Lightning Spire   Summ/Air       #.......     100%        5    #######
 Summon Mana Viper        Hex/Summ       #.......     100%        5    #######
 Venom Bolt               Conj/Pois      #.........   100%        5    #######
 Aura of Abjuration       Summ           #.........   100%        6    #######
 Bolt of Cold             Conj/Ice       #.........   100%        6    #######
 Borgnjor's Vile Clutch   Necr/Erth      #.........   100%        6    #######
 Conjure Ball Lightning   Conj/Air       #.........   100%        6    #######
 Death Channel            Chrm/Necr      #.........   100%        6    #######
 Deflect Missiles         Chrm/Air       #.........   100%        6    #######
 Freezing Cloud           Ice/Air        #.........   100%        6    #######
 Infestation              Hex/Tmut/Pois  #........    100%        6    #######
 Invisibility             Hex            #.......     100%        6    #######
 Iron Shot                Conj/Erth      #.........   100%        6    #######
 Ozocubu's Refrigeration  Ice            #.........   100%        6    #######
 Poison Arrow             Conj/Pois      #.........   100%        6    #######
 Simulacrum               Ice/Necr       #.........   100%        6    #######
 Statue Form              Tmut/Erth      #........    100%        6    #######
 Summon Hydra             Summ           #.........   100%        6    #######
 Discord                  Hex            #.........   100%        7    #######
 Dragon Form              Tmut           #......      100%        7    #######
 Mana Rupture             Conj/Hex       #.........   100%        7    #######
 Orb of Destruction       Conj           #.........   100%        7    #######
 Shadow Creatures         Summ           N/A          100%        7    #######
 Spellforged Servitor     Conj/Summ      #.........   100%        7    #######
 Necromutation            Tmut/Necr      #.......     100%        8    #######
 Tornado                  Tloc/Air       #.........   100%        8    #######
 Dragon's Call            Summ           #.........   100%        9    #######
 Fire Storm               Conj/Fire      #.........   100%        9    #######
 Shatter                  Erth           #.........   100%        9    #######


Dungeon Overview and Level Annotations

Branches:
Dungeon (12/12)            Temple (1/1) D:5            Lair (6/6) D:8
 Shoals (3/3) Lair:4       Spider (3/3) Lair:3        Slime (0/5) Lair:5
    Orc (1/1) D:8             Elf (3/3) Orc          Vaults (3/3) D:12
  Crypt (0/2) Vaults:1     Depths (5/5) D:12            Zot (5/5) Depths:5

Altars:
Ashenzari
Cheibriados
Dithmenos
Elyvilon
Fedhas
Gozag
Hepliaklqana
Kikubaaqudgha
Lugonu
Makhleb
Nemelex Xobeh
Okawaru
Qazlal
Ru
Sif Muna
Trog
Uskayaw
Vehumet
Wu Jian
Xom
Yredelemnul
Zin
The Shining One
Jiyva

Shops:
D:6 ?   D:7 =   D:9 :   D:10 }   Orc %*?[*   Elf:3 }   Shoals:2 :   Vaults:2 *
Vaults:3 [   Depths:3 =%}   Depths:4 =}}

Portals:
Hell: Depths:1 Depths:2 Depths:3 Depths:4 Depths:5
Abyss: Depths:1 Depths:3 Depths:4
Pandemonium: Depths:3 Depths:4
Ziggurat: Depths:3
Trove: D:11 (give +2 steam dragon scales)

Annotations:
D:4 2 transporters
D:8 2 transporters, tronn's ghost, novice GnWn
Lair:1 1 exclusion
Zot:5 Cerebov


Innate Abilities, Weirdness & Mutations

((You revert to your normal form in water.))
((You are very nimble and swift while swimming.))
((You are very stealthy in the water. (Stealth+)))
You are clumsy. (Dex -2)
Your flesh is cold resistant. (rC+)
Armour fits poorly on your strangely shaped body.
You are frail. (-10% HP)
You evolve.


Message History

(D) Dungeon (T) Temple (L) Lair (A) Shoals (N) Spider Nest (M) Slime Pits (O) Orcish Mines (E) Elven Halls (V) Vaults (C) Crypt (U) Depths (H) Hell (Z) Zot
Where to? (* - list waypoints, Enter - D:1 @ (x,y), ? - help)
What level of the Dungeon? (default 1, ? - help)
There is an open door, spattered with blood here.
Things that are here:
a +0 giant club x2; a +0 giant spiked club
There is an open door here.
Things that are here:
a +0 robe; a +0 halberd x2
You see here a +1 dagger of protection.
You see here a +0 helmet.
Items here: ( ))) [[ HP restored.
There is a stone staircase leading up here.
You climb upwards.
There is a stone staircase leading down, spattered with blood here.
There is a stone staircase leading up here.
You climb upwards.
There is a stone staircase leading down here.
A sixfirhy comes into view.
There is a stone staircase leading up here.
A rune on the stairs sparks and fizzles.
You climb upwards.
There is a stone staircase leading down here.
(D) Dungeon (T) Temple (L) Lair (A) Shoals (N) Spider Nest (M) Slime Pits (O) Orcish Mines (E) Elven Halls (V) Vaults (C) Crypt (U) Depths (H) Hell (Z) Zot
Where to? (* - list waypoints, Enter - D:1 @ (x,y), ? - help)
There is a stone staircase leading up here.
You climb upwards.
Level annotation: 2 transporters, tronn's ghost, novice GnWn
There is a stone staircase leading down here.
Things that are here:
97 arrows; a +0 shortbow
There is a stone staircase leading up here.
You climb upwards.
There is a stone staircase leading down here.
There is a stone staircase leading up here.
You climb upwards.
There is a stone staircase leading down here.
There is a stone staircase leading up here.
You climb upwards.
There is a stone staircase leading down, spattered with blood here.
You see here a cursed -2 leather armour.
You see here a +0 giant club.
There is a stone staircase leading up here.
You climb upwards.
Level annotation: 2 transporters
There is a stone staircase leading down here.
There is a stone staircase leading up, spattered with blood here.
You climb upwards.
There is a stone staircase leading down here.
You see here 120 bolts.
There is a stone staircase leading up here.
You climb upwards.
There is a stone staircase leading down here.
There is a stone staircase leading up here.
You climb upwards.
There is a stone staircase leading down here.
An angel, a cherub and a seraph come into view.
The seraph is wielding a +6 great sword of flaming.
The cherub is wielding a +2 flail of flaming.
The angel is wielding a +3 whip of holy wrath.
You have encountered a dangerous foe!
You turn into a swirling mass of dark shadows.
You feel drained.
You fade into the shadows.
The cherub's lion head roars!
The angel shouts!
You feel yourself speed up.
The seraph shouts a warning to its allies!
The cherub sings a powerful hymn!
The angels go into a battle-frenzy!
The cherub unwields a +2 flail of flaming.
It stops flaming.
The cherub wields a +0 hunting sling.
The cherub shoots a stone.
The stone is repelled.
The seraph gestures.
The cherub dissolves into sparkling lights!
The cherub sings a powerful hymn!
The angel goes into a battle-frenzy!
The seraph gestures.
The seraph begins to accept its allies' injuries.
Evoke which item? (* to show all) (? for menu, Esc to quit)
Aiming: Dig
Press: ? - help, Shift-Dir - straight line This square is covered in magical glow.
The rock shatters into small pieces.
The seraph shouts a warning to its allies!
The seraph gestures.
The seraph begins to accept its allies' injuries.
The angel no longer looks unusually strong.
There is a staircase leading out of the dungeon here.
Evoke which item? (* to show all) (? for menu, Esc to quit)
A fierce wind blows from the fan.
The angel is blown away by the wind.
The seraph gestures.
The seraph begins to accept its allies' injuries.
The seraph gestures.
The seraph begins to accept its allies' injuries.
The power of the Orb breaks the dimensional shunt like a soap bubble!
You have escaped!

#.# #.#...#.### #.# #.# #.#
#....♣....♣###.#### #.# #.#
##..A....♣P........# #.# #.#
#....P.....P.♣#.##.# #.# #.#
#♣♣.....P...P.....#.# #.#
#.#
#.P..AP...P.♣..♣..#.###.#
#.#
#.♣P..........♣.........#
#.#
#....P.....P........#####
#.#####
#.......W....)....###
......# #♣...P.....P.P....#
###...###♣...........♣.P..##
..............P...P.P......#
###...###...♣...P..♣......##
#.....# ##...♣..♣♣.....#.###
#.###.# ##..P....♣..P##.#.##
#.# #.# ##...♣....♣###....#
#.###.# ###+###### ###.##


You could see a seraph and an angel.

Vanquished Creatures
  Gloorx Vloq (Pan)
  A pandemonium lord (Pan)
  2 orbs of fire (Zot:5)
  4 ancient liches
  Mara (Depths:3)
  2 Killer Klowns
  5 golden dragons
  Margery (Depths:4)
  Saint Roka (Elf:1)
  A caustic shrike (Depths:4)
  3 rockslimes
  A Shadow Fiend (Pan)
  A bone dragon (Depths:5)
  2 Brimstone Fiends
  2 electric golems (Zot:5)
  5 tentacled monstrosities
  5 liches
  17 Orb Guardians
  2 deep elf blademasters (Elf:3)
  22 Executioners (Pan)
  A deep elf master archer (Elf:3)
  A quicksilver dragon (Zot:3)
  7 titans
  2 krakens
  Polyphemus (Shoals:3)
  A death cob (Zot:5)
  4 sphinxes
  2 tengu reavers (Vaults:3)
  2 shadow dragons
  Kirke (Lair:6)
  Roxanne (Shoals:3)
  4 storm dragons
  The ghost of Wired the Corrupter of Planes, an adept DsAK of Lugonu (Lair:4)
  8 frost giants
  The ghost of ihansama the Bringer of Light, a journeyman HOFi of the Shining One (Shoals:1)
  A blood saint (Pan)
  9 balrugs
  6 fire giants
  5 spectral caustic shrikes (Depths:3)
  2 draconian shifters
  4 ghost moths
  5 cacodemons
  A deep elf elementalist (Elf:3)
  2 warmongers
  4 deep elf sorcerers
  2 curse skulls (Pan)
  10 vault wardens
  2 spriggan defenders
  3 orc warlords
  The ghost of Galewind the Devastator, a journeyman AvCj of Vehumet (Shoals:1)
  2 eyes of devastation
  A draconian scorcher (Zot:5)
  17 stone giants
  2 emperor scorpions (Spider:3)
  A draconian stormcaller (Zot:4)
  11 ironheart preservers
  2 war gargoyles (Vaults:3)
  4 draconian annihilators
  A reaper (Pan)
  9 very ugly things
  A green draconian (Zot:5)
  3 black suns (Pan)
  4 corrupters
  6 deep elf annihilators
  A vampire knight (Depths:1)
  3 white draconians
  10 deep elf demonologists
  6 dire elephants
  7 spark wasps
  3 purple draconians
  Nessos (Lair:6)
  6 lorocyprocas
  A spark wasp (shapeshifter) (Depths:2)
  The ghost of Nikola2751 the Brawler, a journeyman TrMo of the Shining One (Lair:4)
  3 yellow draconians
  5 deep elf death magi (Elf:3)
  6 blizzard demons (Pan)
  5 merfolk javelineers
  6 fire dragons
  10 green deaths (Pan)
  10 merfolk impalers
  Snorg (Lair:4)
  A quicksilver dragon zombie (WizLab)
  3 mummy priests (WizLab)
  6 yaktaur captains
  6 ettins
  A crystal guardian (Vaults:1)
  31 vault guards
  2 jiangshi
  6 ice dragons
  11 rakshasas
  2 monstrous demonspawn (Pan)
  3 deep elf high priests (Elf:3)
  5 catoblepae
  2 hydras
  3 spriggan air magi
  16 centaur warriors
  4 shadow wraiths
  9 great orbs of eyes
  A death knight (D:12)
  A juggernaut simulacrum (Depths:2)
  3 alligator snapping turtles
  2 merfolk avatars
  An anaconda (Lair:6)
  4 merfolk aquamancers (Shoals:3)
  20 two-headed ogres
  6 ogre magi
  9 death yaks
  7 sea snakes
  8 deep troll shamans
  5 tengu warriors
  7 deep troll earth magi
  4 vampire magi
  27 dancing weapons
  2 ironheart beastmasters
  4 spriggan berserkers
  An orc high priest (Orc)
  20 soul eaters
  25 deep elf knights
  35 deep trolls
  19 sun demons
  3 iron trolls
  16 hell knights
  A salamander mystic (Depths:5)
  2 skeletal warriors
  6 spriggans
  An unseen horror (shapeshifter) (Vaults:1)
  A glowing orange brain (shapeshifter) (Vaults:1)
  A storm dragon skeleton (Pan)
  12 sixfirhies (Pan)
  A spark wasp zombie (Depths:2)
  A cherub (Pan)
  5 gelid demonspawn
  A golden dragon zombie (WizLab)
  10 deep elf archers
  6 glowing orange brains
  4 torturous demonspawn
  2 flayed ghosts
  A kraken simulacrum (Shoals:3)
  2 anaconda skeletons (Pan)
  An orange crystal statue (Spider:1)
  11 ironheart convokers
  A phantasmal warrior (Vaults:3)
  2 infernal demonspawn (Pan)
  A harpy (Shoals:3)
  4 wizards
  4 cyclopes
  4 necromancers
  A wolf spider zombie (D:12)
  A tengu zombie (Depths:2)
  63 deep elf magi
  15 wolf spiders
  7 orc knights
  3 shadow dragon skeletons (Pan)
  3 fauns
  A stone giant zombie (WizLab)
  11 ugly things
  4 oklob plants
  10 manticores
  9 orb spiders
  2 salamanders (Depths:5)
  5 orc sorcerers
  13 elephants
  6 moths of wrath
  A rust devil (Depths:3)
  10 merfolk sirens
  3 black mambas
  2 iron dragon skeletons (Pan)
  A centaur zombie (D:9)
  11 vault sentinels
  2 stone giant skeletons
  An ice statue (IceCv)
  A guardian serpent (shapeshifter) (Vaults:1)
  2 naga magi (D:12)
  A shock serpent skeleton (Pan)
  5 centaur skeletons
  3 demonspawn zombies (WizLab)
  A gargoyle (D:12)
  4 water nymphs (Shoals:3)
  2 torpor snails
  30 smoke demons
  11 cane toads
  5 orange demons
  14 demonic crawlers
  5 rime drakes
  A komodo dragon (shapeshifter) (Depths:5)
  A dire elephant skeleton (Pan)
  A rime drake (shapeshifter) (Depths:4)
  A yaktaur zombie (WizLab)
  3 freezing wraiths
  32 yaktaurs
  A spriggan zombie (WizLab)
  4 hellions (Pan)
  3 tormentors (Pan)
  A tengu conjurer (Depths:4)
  2 efreet (Pan)
  4 komodo dragons
  24 hellwings (Pan)
  4 guardian mummies (WizLab)
  Maurice (D:10)
  10 trolls
  5 ice devils (Pan)
  3 red devils (Pan)
  22 merfolk
  13 polar bears
  A wolf spider simulacrum (D:12)
  A harpy skeleton (Pan)
  15 jumping spiders
  A tengu simulacrum (Vaults:3)
  13 hornets
  11 blink frogs
  3 wind drakes
  Grum (Lair:4)
  14 snapping turtles
  11 slime creatures
  11 dream sheep
  A snapping turtle (shapeshifter) (Vaults:1)
  A stone giant simulacrum (Depths:2)
  19 large abominations (Pan)
  32 redbacks
  9 hippogriffs
  5 air elementals
  19 tarantellas
  20 water elementals
  An ettin skeleton (Pan)
  3 wraiths
  A shadow (D:12)
  10 ynoxinuls
  A basilisk (D:12)
  4 hogs (Lair:6)
  3 wyverns
  55 yaks
  3 fire elementals
  A human (shapeshifter) (Depths:1)
  4 hungry ghosts
  3 fire bats (Pan)
  2 humans (D:12)
  3 neqoxecs (Pan)
  3 wargs
  5 chaos spawn (Pan)
  Menkaure (D:7)
  Duvessa (D:4)
  10 crocodiles
  A porcupine (shapeshifter) (Vaults:2)
  A floating eye (shapeshifter) (Depths:2)
  7 water moccasins
  10 porcupines
  A soldier ant (shapeshifter) (Depths:2)
  2 cane toad skeletons (Pan)
  3 ice beasts
  A sky beast (D:11)
  12 boggarts
  31 orc warriors
  3 black bears
  34 ogres
  A phantom (D:8)
  23 wolves
  10 centaurs
  11 bullfrogs
  5 big kobolds
  A gnoll sergeant (D:9)
  4 earth elementals
  3 scorpions
  Dowan (D:4)
  A scorpion (shapeshifter) (Vaults:3)
  A water moccasin skeleton (D:9)
  3 electric eels
  16 wights
  2 howler monkeys
  14 orc priests
  6 crimson imps
  7 human zombies (D:8)
  A quasit (D:8)
  9 hounds
  A human skeleton (D:8)
  3 jellies
  A bullfrog skeleton (D:8)
  3 iguanas
  Terence (D:3)
  17 orc wizards
  7 worker ants
  2 mummies (D:8)
  3 gnolls (D:9)
  5 river rats
  14 adders
  A howler monkey skeleton (D:4)
  An ooze (Sewer)
  An adder zombie (D:8)
  An adder skeleton (D:8)
  6 worms
  3 leopard geckos
  79 orcs
  3 ball pythons
  6 bats
  6 giant cockroaches
  2 goblins (D:1)
  9 hobgoblins
  11 jackals
  17 kobolds
  4 quokkas
  A ball python (shapeshifter) (Depths:3)
  2 frilled lizards (D:3)
  8 rats
  A fire vortex (Zot:5)
  5 plants
  2 tentacles
1906 creatures vanquished.

Vanquished Creatures (collateral kills)
  An orb of fire (Zot:5)
  An ancient lich (Zot:5)
  A pandemonium lord (Pan)
  2 rockslimes (Depths:4)
  Zenata (Elf:2)
  A Brimstone Fiend (Pan)
  3 Hell Sentinels (Pan)
  6 Orb Guardians (Zot:5)
  2 liches
  A titan (Vaults:3)
  A deep elf blademaster (Elf:2)
  A deep elf master archer (Elf:3)
  A kraken (Shoals:3)
  4 Executioners (Pan)
  A shadow dragon (Vaults:3)
  2 tengu reavers (Vaults:3)
  3 storm dragons
  Ilsuiw (Shoals:3)
  A frost giant (Depths:4)
  A fire giant (Depths:4)
  3 balrugs (Pan)
  A daeva (Pan)
  2 vault wardens (Vaults:3)
  An emperor scorpion (shapeshifter) (Vaults:3)
  3 deep elf sorcerers
  4 cacodemons (Pan)
  2 emperor scorpions (Spider:3)
  2 stone giants
  A warmonger (Pan)
  2 draconian annihilators
  An ironheart preserver (Vaults:2)
  A spriggan defender (Depths:2)
  4 very ugly things
  2 war gargoyles (Vaults:3)
  2 reapers (Pan)
  3 deep elf demonologists (Elf:3)
  A lorocyproca (Depths:1)
  An entropy weaver (Spider:2)
  A white draconian (Zot:4)
  2 deep elf annihilators (Elf:3)
  2 ettins
  4 spark wasps
  A deep elf death mage (Vaults:2)
  A merfolk javelineer (Shoals:3)
  A hydra (Lair:1)
  A quicksilver dragon skeleton (Pan)
  An ice dragon (Depths:4)
  Psyche (D:9)
  A monstrous demonspawn (Pan)
  7 vault guards
  A shambling mangrove (Shoals:2)
  3 shadow wraiths (Pan)
  3 rakshasas
  2 alligator snapping turtles
  A catoblepas (Lair:6)
  An anaconda (Lair:5)
  A sea snake (Shoals:1)
  2 two-headed ogres (Depths:1)
  4 deep troll earth magi
  2 deep troll shamans
  6 dancing weapons
  6 sun demons
  A deep elf knight (Elf:1)
  2 sixfirhies
  2 deep trolls
  3 hell knights
  2 infernal demonspawn (Pan)
  4 torturous demonspawn (Pan)
  3 deep elf archers
  A shadow demon (Pan)
  A cyclops (D:10)
  4 ironheart convokers
  A wolf spider (Spider:2)
  5 deep elf magi
  3 ugly things
  2 orb spiders
  A manticore (Shoals:1)
  A black mamba (Lair:5)
  2 merfolk sirens
  A cane toad (Lair:5)
  A rime drake (Lair:5)
  A smoke demon (Pan)
  4 orange demons (Pan)
  A yaktaur (Volcano)
  2 efreet
  7 large abominations (Pan)
  3 demonic crawlers (Pan)
  3 hellions (Pan)
  2 guardian mummies (WizLab)
  A hellwing (Pan)
  A merfolk (Shoals:3)
  A troll (Orc)
  A jumping spider (Spider:3)
  A hornet (Spider:3)
  A slime creature (Depths:4)
  A wraith (D:12)
  2 yaks (D:10)
  3 tarantellas (Spider:2)
  A redback (Spider:3)
  A water elemental (Shoals:3)
  5 neqoxecs (Pan)
  2 chaos spawn (Pan)
  A vampire mosquito (D:10)
  A porcupine (Lair:1)
  A boggart (Depths:1)
  A scorpion (D:8)
  2 orcs (Vaults:1)
  A plant (Lair:5)
  2 tentacles
219 creatures vanquished.

Vanquished Creatures (others)
  A player illusion (Pan)
  A very ugly thing (Depths:5)
  A spriggan berserker (Depths:5)
  A spriggan (Depths:5)
  An ironheart convoker (Vaults:3)
  A smoke demon (Pan)
  A hornet (Depths:5)
  A merfolk (Shoals:3)
  A troll (D:12)
  A yak (D:8)
  A water elemental (Elf:3)
  A redback (Spider:3)
  A fire bat (Pan)
  A human (shapeshifter) (D:12)
  2 neqoxecs (Pan)
  A centaur (Volcano)
  An orc wizard (D:10)
  A quokka (D:12)
  4 ball lightnings (Pan)
  A fire vortex (Pan)
  22 fungi
  23 plants
  15 tentacles
  A withered plant (Shoals:1)
85 creatures vanquished.

Grand Total: 2210 creatures vanquished

Notes
Turn   | Place    | Note
-------+----------+-------------------------------------------
     0 | D:1      | Artagas the Merfolk Gladiator began the quest for the Orb.
     0 | D:1      | Reached XP level 1. HP: 18/18 MP: 1/1
    81 | D:1      | Reached XP level 2. HP: 19/24 MP: 2/2
   193 | D:1      | Reached skill level 5 in Polearms
   889 | D:2      | Reached XP level 3. HP: 30/30 MP: 3/3
  1212 | D:2      | Found an iron altar of Okawaru.
  1431 | D:2      | Found a hide-covered altar of Uskayaw.
  1491 | D:2      | Reached skill level 6 in Polearms
  1678 | D:3      | Reached skill level 4 in Fighting
  1710 | D:3      | Noticed Terence
  1737 | D:3      | Killed Terence
  1738 | D:3      | Reached XP level 4. HP: 27/37 MP: 4/4
  1847 | D:3      | Reached skill level 7 in Polearms
  2112 | D:3      | Reached XP level 5. HP: 20/42 MP: 5/5
  2228 | D:3      | Reached skill level 8 in Polearms
  2819 | D:4      | Reached XP level 6. HP: 46/49 MP: 6/6
  3006 | D:4      | Noticed Dowan
  3042 | D:4      | Killed Dowan
  3047 | D:4      | Noticed Duvessa
  3188 | D:4      | Killed Duvessa
  3189 | D:4      | Reached skill level 5 in Fighting
  3189 | D:4      | Reached skill level 5 in Dodging
  3344 | D:4      | Found a transporter.
  3370 | D:4      | Found a transporter.
  3472 | D:4      | Reached skill level 9 in Polearms
  3472 | D:4      | Reached XP level 7. HP: 44/56 MP: 7/7
  3634 | D:4      | Found a shimmering altar of Xom.
  3634 | D:4      | Found a burning altar of Makhleb.
  3652 | D:5      | Entered Level 5 of the Dungeon
  3891 | D:4      | Reached skill level 6 in Dodging
  3948 | D:5      | Reached skill level 10 in Polearms
  4057 | D:5      | Reached skill level 6 in Fighting
  4088 | D:5      | Reached XP level 8. HP: 64/65 MP: 8/8
  4185 | D:5      | Got a bloodstained ring mail {@q1}
  4247 | D:5      | Reached skill level 7 in Fighting
  4457 | D:5      | Found a staircase to the Ecumenical Temple.
  4478 | Temple   | Entered the Ecumenical Temple
  4902 | D:6      | Identified the cursed +1 ring mail of Sif Muna's
                  | Displeasure {MR+ Str+3 Dex-4, @q1} (You found it on level 5
                  | of the Dungeon)
  5038 | D:6      | Reached skill level 11 in Polearms
  5263 | D:6      | Reached skill level 12 in Polearms
  5376 | D:6      | Found a glowing drain.
  5384 | Sewer    | Entered a sewer
  5530 | Sewer    | Reached skill level 1 in Armour
  5626 | Sewer    | Reached XP level 9. HP: 55/72 MP: 9/9
  5769 | D:6      | Found a shattered altar of Ashenzari.
  5944 | D:6      | Found Ilogus's Magic Scroll Boutique.
  5952 | D:6      | Bought a scroll of identify for 22 gold pieces
  5952 | D:6      | Bought a scroll of identify for 22 gold pieces
  5952 | D:6      | Bought a scroll of identify for 22 gold pieces
  5985 | D:6      | Reached skill level 7 in Dodging
  6122 | D:6      | Reached skill level 2 in Armour
  6347 | D:7      | Noticed Menkaure
  6356 | D:7      | Killed Menkaure
  6357 | D:7      | Reached skill level 8 in Fighting
  6443 | D:7      | Reached skill level 8 in Dodging
  6578 | D:7      | Reached skill level 3 in Armour
  6903 | D:7      | Found a radiant altar of Vehumet.
  6907 | D:7      | Found a stormy altar of Qazlal.
  7254 | D:7      | Found Quapuc's Jewellery Shoppe.
  7312 | D:7      | Reached skill level 13 in Polearms
  7746 | D:8      | Reached skill level 14 in Polearms
  7805 | D:8      | Reached XP level 10. HP: 80/80 MP: 10/10
  7912 | D:8      | Reached skill level 15 in Polearms
  8144 | D:8      | Found a staircase to the Lair.
  8180 | D:8      | Got a crystal falchion
  8315 | D:8      | Reached skill level 16 in Polearms
  8467 | D:8      | Noticed an orc knight
  8467 | D:8      | Noticed an orc knight
  8469 | D:8      | Noticed an orc knight
  8612 | D:8      | Found an opulent altar of Gozag.
  8713 | D:8      | Reached skill level 9 in Dodging
  8726 | D:8      | Reached skill level 9 in Fighting
  8954 | D:8      | Found a transporter.
  8958 | D:8      | Found a transporter.
  8960 | D:8      | Noticed tronn's ghost (novice GnWn)
  9068 | D:8      | Killed an orc knight
  9212 | D:8      | Found a basalt altar of Yredelemnul.
  9221 | D:8      | Reached XP level 11. HP: 89/89 MP: 11/11
  9228 | D:8      | Reached skill level 10 in Dodging
  9412 | D:8      | Killed an orc knight
  9413 | D:8      | Reached skill level 10 in Fighting
  9413 | D:8      | Reached skill level 1 in Evocations
  9587 | D:8      | Killed an orc knight
  9746 | D:8      | Found a staircase to the Orcish Mines.
  9872 | D:8      | Found a shimmering blue altar of Sif Muna.
  9925 | D:8      | Found a blossoming altar of Fedhas.
 10339 | D:8      | Reached skill level 2 in Evocations
 10427 | D:9      | Noticed Psyche
 10569 | D:9      | Reached skill level 3 in Evocations
 10598 | D:9      | Noticed a cyclops
 10614 | D:8      | Noticed an orc knight
 10756 | D:9      | Found Korostum's Book Shoppe.
 10965 | D:9      | Found a shadowy altar of Dithmenos.
 10968 | D:9      | Became a worshipper of Dithmenos the Shadowed
 10970 | D:9      | tot worth
 11008 | Lair:1   | Entered Level 1 of the Lair of Beasts
 11049 | Lair:1   | Noticed an eight-headed hydra
 11247 | Lair:1   | Got a scorched marble ring
 11249 | Lair:1   | Identified the ring of the Sun {Ice Dex+2} (You found it on
                  | level 1 of the Lair of Beasts)
 11252 | Lair:1   | Identified the +10 falchion of the Vaults {slice, rC+ rN+
                  | Int+3 Dex+2} (You found it on level 8 of the Dungeon)
 11261 | Lair:1   | Got a heavily runed bronze ring
 11263 | Lair:1   | Identified the cursed ring "Upypoez" {Fire Str-2 Dex+2
                  | SInv} (You found it on level 1 of the Lair of Beasts)
 11329 | Lair:1   | Reached skill level 11 in Dodging
 11589 | Lair:1   | Noticed an eight-headed hydra
 11780 | Lair:2   | Reached skill level 4 in Evocations
 11781 | Lair:2   | Reached skill level 11 in Fighting
 11900 | Lair:2   | Found a frozen archway.
 11917 | IceCv    | Entered an ice cave
 11945 | IceCv    | Reached skill level 12 in Dodging
 12053 | IceCv    | Reached XP level 12. HP: 86/102 MP: 15/15
 12085 | IceCv    | Identified the Guide on Earthen Arcane Weapons
 12118 | IceCv    | Reached skill level 12 in Fighting
 12122 | IceCv    | Reached skill level 1 in Invocations
 12189 | IceCv    | Reached * piety under Dithmenos
 12190 | IceCv    | Reached skill level 2 in Invocations
 12242 | IceCv    | Reached skill level 3 in Invocations
 12385 | IceCv    | Reached skill level 4 in Armour
 12445 | IceCv    | Reached skill level 4 in Invocations
 12616 | IceCv    | Noticed a white draconian
 12626 | IceCv    | Reached skill level 5 in Invocations
 12627 | IceCv    | Reached skill level 5 in Armour
 12627 | IceCv    | Reached skill level 6 in Invocations
 12630 | IceCv    | Killed a white draconian
 12824 | IceCv    | Got a twitching gossamer ring
 12826 | IceCv    | Identified the cursed ring "Otubawuq" {Ice MR+} (You found
                  | it in an ice cave)
 13117 | Lair:2   | Reached ** piety under Dithmenos
 13914 | Lair:3   | Reached XP level 13. HP: 109/109 MP: 17/17
 14120 | Lair:3   | Reached skill level 13 in Dodging
 14170 | Lair:3   | Found a hole to the Spider Nest.
 14389 | Lair:3   | Reached skill level 17 in Polearms
 14824 | Lair:3   | Reached skill level 13 in Fighting
 15245 | Lair:4   | Noticed Snorg
 15257 | Lair:4   | Killed Snorg
 15324 | Lair:4   | Found a dark tunnel.
 15345 | Volcano  | Entered a volcano
 15766 | Volcano  | Identified the Volume of Conjuration
 16104 | Lair:4   | Noticed Grum
 16110 | Lair:4   | Killed Grum
 16110 | Lair:4   | Reached *** piety under Dithmenos
 16153 | Lair:4   | Found a staircase to the Shoals.
 16552 | Lair:4   | Reached skill level 14 in Dodging
 16707 | Lair:5   | Reached skill level 18 in Polearms
 16952 | Lair:5   | Found a viscous altar of Jiyva.
 16985 | Lair:5   | Found a staircase to the Slime Pits.
 17005 | Lair:5   | Reached skill level 14 in Fighting
 17202 | Lair:5   | Reached XP level 14. HP: 97/120 MP: 18/18
 17323 | Lair:5   | Reached skill level 19 in Polearms
 17759 | Lair:5   | Got a brightly glowing steel amulet
 17760 | Lair:5   | Identified the amulet of Scepticism {Inacc Int+3} (You
                  | found it on level 5 of the Lair of Beasts)
 18003 | Lair:6   | Entered Level 6 of the Lair of Beasts
 18055 | Lair:6   | Noticed Nessos
 18063 | Lair:6   | Killed Nessos
 18143 | Lair:6   | Reached **** piety under Dithmenos
 18227 | Lair:6   | Reached skill level 20 in Polearms
 18334 | Lair:5   | Reached skill level 7 in Invocations
 18638 | Lair:5   | Reached skill level 8 in Invocations
 18877 | Lair:6   | Noticed Kirke
 18903 | Lair:6   | Killed Kirke
 18904 | Lair:6   | Reached skill level 9 in Invocations
 19082 | Lair:6   | Found a basalt altar of Yredelemnul.
 19369 | Lair:6   | Reached skill level 10 in Invocations
 20046 | Lair:1   | Reached skill level 11 in Invocations
 20720 | D:9      | Killed Psyche
 20796 | D:9      | Reached XP level 15. HP: 116/126 MP: 23/23
 21257 | D:10     | Entered Level 10 of the Dungeon
 21262 | D:10     | Reached skill level 12 in Invocations
 21429 | D:10     | Noticed Maurice
 21442 | D:10     | Reached ***** piety under Dithmenos
 21451 | D:10     | Killed Maurice
 21682 | D:10     | Found Junyq's Gadget Shoppe.
 21690 | D:10     | Bought a wand of acid (9) for 260 gold pieces
 21690 | D:10     | Bought a wand of paralysis (12) for 169 gold pieces
 21954 | D:11     | Reached skill level 15 in Dodging
 22178 | D:6      | Bought a scroll of immolation for 38 gold pieces
 22178 | D:6      | Bought a scroll of immolation for 38 gold pieces
 22178 | D:6      | Bought a scroll of fog for 22 gold pieces
 22178 | D:6      | Bought a scroll of enchant weapon for 82 gold pieces
 22178 | D:6      | Bought a scroll of enchant weapon for 82 gold pieces
 22515 | D:11     | Found a portal to a secret trove of treasure.
 23238 | D:12     | Entered Level 12 of the Dungeon
 23238 | D:12     | Found a white marble altar of Elyvilon.
 23264 | D:12     | Found a flickering gateway to a bazaar.
 23276 | Bazaar   | Entered a bazaar
 23341 | Bazaar   | Found Vyteat's Jewellery Shoppe.
 23357 | Bazaar   | Found Yjie's Jewellery Emporium.
 23357 | Bazaar   | Found Hewn's Jewellery Shoppe.
 23392 | Bazaar   | Found Liuc's Armour Emporium.
 23392 | Bazaar   | Found Ehuacw's Gadget Shoppe.
 23476 | Bazaar   | Bought an uncursed amulet of the acrobat for 320 gold
                  | pieces
 23503 | Bazaar   | Bought a wand of digging (8) for 126 gold pieces
 23535 | Bazaar   | Bought a box of beasts for 140 gold pieces
 23948 | D:12     | Reached skill level 16 in Dodging
 24007 | D:12     | Paralysed by a human for 2 turns
 24270 | D:12     | Found a gate to the Vaults.
 24348 | D:12     | Found a staircase to the Depths.
 24351 | D:12     | Reached skill level 15 in Fighting
 24692 | Spider:1 | Entered Level 1 of the Spider Nest
 25416 | Spider:1 | Reached skill level 16 in Fighting
 26090 | Spider:2 | Reached XP level 16. HP: 118/138 MP: 25/25
 26377 | Spider:2 | Reached skill level 13 in Invocations
 27575 | Spider:3 | Entered Level 3 of the Spider Nest
 27589 | Spider:3 | Got a shimmering hunting sling
 27639 | Spider:3 | Reached skill level 14 in Invocations
 27911 | Spider:3 | Identified the +1 hunting sling of the Ship {elec, Str+3
                  | Stlth+} (You found it on level 3 of the Spider Nest)
 28328 | Spider:3 | Reached skill level 15 in Invocations
 29089 | Spider:3 | Identified a lightning rod (inert) (You found it on level 3
                  | of the Lair of Beasts)
 29089 | Spider:3 | Got a gossamer rune of Zot
 29372 | Orc      | Entered the Orcish Mines
 29480 | Orc      | Found Gassynio's Antique Armour Shop.
 29480 | Orc      | Found Jiogius's General Store.
 29480 | Orc      | Found Bugim's Food Shoppe.
 29482 | Orc      | Found Beulify's Magic Scroll Shoppe.
 29494 | Orc      | Reached skill level 16 in Invocations
 29575 | Orc      | Reached XP level 17. HP: 117/144 MP: 29/29
 29590 | Orc      | Reached ****** piety under Dithmenos
 29758 | Orc      | Bought a scroll of fear for 75 gold pieces
 29758 | Orc      | Bought a scroll of teleportation for 45 gold pieces
 29892 | Orc      | Bought a pair of embroidered boots for 277 gold pieces
 29892 | Orc      | Identified a +0 pair of boots of running (You bought it in
                  | a shop in the Orcish Mines)
 29892 | Orc      | Bought a buzzing chain mail for 351 gold pieces
 29892 | Orc      | Identified the cursed +0 chain mail "Zeekaesh" {Int+2
                  | Dex+4} (You bought it in a shop in the Orcish Mines)
 29966 | Orc      | Found Haabb's Assorted Antiques.
 30008 | Orc      | Found a staircase to the Elven Halls.
 30147 | Orc      | Bought a scroll labeled ZEERGH MONYOTUFEA for 23 gold
                  | pieces
 30352 | Orc      | Bought a scroll of teleportation for 69 gold pieces
 30352 | Orc      | Bought a potion of heal wounds for 115 gold pieces
 30352 | Orc      | Bought a scroll of fog for 46 gold pieces
 30352 | Orc      | Bought a twisted fluorescent wand for 92 gold pieces
 30506 | Shoals:1 | Entered Level 1 of the Shoals
 30533 | Shoals:1 | Found a runed translucent gate.
 30533 | Shoals:1 | Found a runed translucent gate.
 30535 | Shoals:1 | Found a runed translucent gate.
 30712 | Shoals:1 | Reached skill level 6 in Armour
 31705 | Shoals:2 | Identified a scroll of acquirement
 31709 | Shoals:2 | Identified the +1 halberd "Killer Bee's Bane" {flame, rC+}
                  | (You acquired it on level 2 of the Shoals)
 31734 | Shoals:2 | Reached skill level 17 in Dodging
 31848 | Shoals:2 | Reached skill level 1 in Stealth
 31865 | Shoals:2 | Found Baduprox's Book Shop.
 31987 | Shoals:2 | Noticed a kraken
 32007 | Shoals:2 | Killed a kraken
 32008 | Shoals:2 | Reached skill level 2 in Stealth
 32043 | Shoals:2 | Reached skill level 3 in Stealth
 32249 | Shoals:2 | Identified the cursed +2 morningstar "Killer Bee's Bane"
                  | {crush, +Inv rC+}
 32841 | Shoals:3 | Entered Level 3 of the Shoals
 32869 | Shoals:3 | Reached skill level 4 in Stealth
 32892 | Shoals:3 | Noticed Ilsuiw
 33175 | Shoals:3 | Reached skill level 5 in Stealth
 33368 | Shoals:3 | Reached skill level 17 in Fighting
 33422 | Shoals:3 | Reached skill level 7 in Armour
 33457 | Shoals:3 | Reached skill level 6 in Stealth
 33520 | Shoals:3 | Identified the +3 robe "Ypoi" {rPois Str+3}
 33528 | Shoals:3 | Noticed Polyphemus
 33558 | Shoals:3 | Reached skill level 7 in Stealth
 33575 | Shoals:3 | Killed Polyphemus
 33587 | Shoals:3 | Reached XP level 18. HP: 78/155 MP: 30/30
 33871 | Shoals:3 | Reached skill level 8 in Stealth
 33906 | Shoals:3 | Killed Ilsuiw
 34079 | Shoals:3 | Got a barnacled rune of Zot
 34164 | Shoals:3 | Noticed Roxanne
 34183 | Shoals:3 | Killed Roxanne
 34184 | Shoals:3 | Reached skill level 9 in Stealth
 34214 | Shoals:3 | Reached skill level 18 in Dodging
 34385 | Shoals:3 | Identified the +0 helmet of Depression {rN+ Int+3 Dex+4}
 34941 | Shoals:1 | Noticed Wired's ghost (adept DsAK)
 34943 | Shoals:1 | Noticed Galewind's ghost (journeyman AvCj)
 34943 | Shoals:1 | Noticed ihansama's ghost (journeyman HOFi)
 35123 | Vaults:1 | Entered Level 1 of the Vaults
 35198 | Vaults:1 | Reached skill level 10 in Stealth
 35207 | Vaults:1 | Reached skill level 8 in Armour
 35607 | Vaults:1 | Reached skill level 11 in Stealth
 35945 | Vaults:1 | Reached skill level 18 in Fighting
 35945 | Vaults:1 | Reached skill level 12 in Stealth
 35965 | Vaults:1 | Identified the amulet "Zierreg" {Rage Str+5}
 36228 | Vaults:1 | Reached XP level 19. HP: 160/163 MP: 31/31
 36266 | Vaults:1 | Found a staircase to the Crypt.
 36754 | Vaults:1 | Reached skill level 13 in Stealth
 36756 | Vaults:1 | Reached skill level 9 in Armour
 37124 | Vaults:2 | Reached skill level 21 in Polearms
 37153 | Vaults:2 | Reached skill level 14 in Stealth
 37738 | Vaults:2 | Noticed a tentacled monstrosity
 37747 | Vaults:2 | Killed a tentacled monstrosity
 37748 | Vaults:2 | Reached skill level 22 in Polearms
 38560 | Vaults:2 | Found Vaff's Assorted Antiques.
 38569 | Vaults:2 | Bought a scroll labeled EHUBBARATUG for 34 gold pieces
 39104 | Elf:1    | Entered Level 1 of the Elven Halls
 39116 | Elf:1    | Reached skill level 23 in Polearms
 39258 | Elf:1    | Noticed a Brimstone Fiend
 39760 | Elf:1    | Found a magical portal.
 39765 | WizLab   | Entered Doroklohe's Tomb
 39867 | WizLab   | Noticed an ancient lich
 39876 | WizLab   | Killed an ancient lich
 39877 | WizLab   | Reached skill level 24 in Polearms
 39877 | WizLab   | Reached XP level 20. HP: 170/170 MP: 32/32
 40494 | Elf:1    | Identified the ring of Oliuf {Wiz rElec SInv} (You acquired
                  | it on level 1 of the Elven Halls)
 40496 | Elf:1    | Identified the +10 glaive "Ystuv" {flame, MR+} (You
                  | acquired it on level 1 of the Elven Halls)
 40549 | Elf:1    | Noticed Saint Roka
 40822 | Elf:1    | Killed Saint Roka
 41269 | Elf:1    | Reached skill level 17 in Invocations
 41810 | Elf:2    | Found a shimmering blue altar of Sif Muna.
 41823 | Elf:2    | Reached skill level 25 in Polearms
 42208 | Elf:2    | Found a runed gate.
 42209 | Elf:2    | Found a runed gate.
 42209 | Elf:2    | Found a runed gate.
 42713 | Elf:2    | Noticed Zenata
 42722 | Elf:2    | Reached skill level 18 in Invocations
 42911 | Elf:2    | Identified the +12 gold dragon scales "Nyje" {rElec rPois
                  | rF+ rC+ Str+2} (You acquired it on level 2 of the Elven
                  | Halls)
 42911 | Elf:2    | Identified the ring "Dueps" {rElec rF+ Str+5 Int-2 Dex+7}
                  | (You acquired it on level 2 of the Elven Halls)
 43035 | Elf:2    | Killed Zenata
 43546 | Depths:1 | Entered Level 1 of the Depths
 43823 | Depths:1 | Reached skill level 19 in Invocations
 44028 | Depths:1 | Reached XP level 21. HP: 176/177 MP: 34/34
 44200 | Depths:1 | Reached skill level 26 in Polearms
 44842 | Depths:1 | Reached skill level 20 in Invocations
 45020 | Depths:1 | Found a gateway to Hell.
 45038 | Depths:1 | Found a one-way gate to the infinite horrors of the Abyss.
 45424 | Vaults:2 | Reached XP level 22. HP: 186/186 MP: 36/36
 46063 | Depths:2 | Noticed a rockslime
 46080 | Depths:2 | Killed a rockslime
 46081 | Depths:2 | Reached skill level 19 in Fighting
 46192 | Depths:2 | Reached skill level 10 in Armour
 46214 | Depths:2 | HP: 23/188 [cyan very ugly thing (7)]
 46628 | Depths:2 | Reached skill level 20 in Fighting
 47067 | Depths:2 | Noticed a rockslime
 47094 | Depths:2 | Killed a rockslime
 47154 | Depths:2 | Reached skill level 11 in Armour
 47507 | Depths:3 | Noticed Mara
 47518 | Depths:3 | Killed Mara
 47595 | Depths:3 | Reached skill level 21 in Fighting
 48143 | Depths:3 | Reached XP level 23. HP: 200/200 MP: 37/37
 48216 | Depths:3 | Identified a +2 pair of boots of running
 48245 | Depths:3 | Found a one-way gate leading to the halls of Pandemonium.
 48385 | Depths:3 | Found a gateway to a ziggurat.
 48534 | Depths:3 | Found Leoskoxt's Gadget Shoppe.
 48536 | Depths:3 | Found Arokh's Food Emporium.
 48538 | Depths:3 | Found Qohyblef's Jewellery Shoppe.
 48542 | Depths:3 | Bought a wand of digging (7) for 288 gold pieces
 48542 | Depths:3 | Bought a wand of acid (6) for 252 gold pieces
 48542 | Depths:3 | Bought a wand of scattershot (7) for 432 gold pieces
 49131 | Depths:4 | Noticed a Killer Klown
 49131 | Depths:4 | Noticed a caustic shrike
 49482 | Depths:4 | Killed a Killer Klown
 49749 | Depths:4 | Killed a caustic shrike
 49756 | Depths:4 | Reached skill level 22 in Fighting
 49758 | Depths:4 | Reached skill level 21 in Invocations
 50233 | Depths:4 | Noticed Margery
 50278 | Depths:4 | Killed Margery
 50370 | Depths:4 | Reached skill level 22 in Invocations
 51042 | Pan      | Entered Pandemonium
 51050 | Pan      | Reached XP level 24. HP: 163/210 MP: 38/38
 51066 | Pan      | it is a little late to start being a little shy
 51066 | Pan      | HERE I COME PANDY
 51066 | Pan      | PREPARE YOUR
 51066 | Pan      | well whatever a pandemonium lord has there really. prepare
                  | that
 51703 | Pan      | Reached skill level 23 in Invocations
 52552 | Pan      | Noticed Votwell the pandemonium lord
 53343 | Pan      | Killed Votwell the pandemonium lord
 53473 | Pan      | Identified the cursed +0 leather armour of Responsibility
                  | {MR+ Dex+3} (You found it in Pandemonium)
 53476 | Pan      | Got a demonic rune of Zot
 53554 | Depths:3 | Escaped Pandemonium
 54141 | Shoals:1 | Noticed Nikola2751's ghost (journeyman TrMo)
 54434 | Pan      | Entered Pandemonium
 54570 | Pan      | Noticed Mennas
 54768 | Pan      | Entered the realm of Cerebov.
 54800 | Pan      | Reached skill level 24 in Invocations
 54971 | Pan      | Identified the cursed +0 lajatang of the Ghost {flame,
                  | Str+4 Int+3}
 55002 | Pan      | Identified the Catalogue of Enchanting Evil Rites
 55057 | Pan      | Identified the ring "Cehiaf" {+Inv rN++ SInv}
 55094 | Pan      | Identified the +3 glaive "Zugug" {venom, +Fly}
 55183 | Pan      | Found an exit through the horrors of the Abyss.
 55414 | Pan      | Identified the +6 sword of Cerebov {flame}
 55414 | Pan      | Noticed Cerebov
 55424 | Pan      | Got a fiery rune of Zot
 55465 | Pan      | Entered the realm of Lom Lobon.
 55555 | Pan      | Found an exit through the horrors of the Abyss.
 56003 | Pan      | Reached skill level 25 in Invocations
 56011 | Pan      | Reached XP level 25. HP: 172/217 MP: 20/39
 56366 | Pan      | Identified the cursed amulet of Coxta {Inacc rC+ MR+ Dex-3}
                  | (You found it in Pandemonium)
 56456 | Pan      | Noticed Lom Lobon
 56466 | Pan      | Got a magical rune of Zot
 56466 | Pan      | Identified the ring of Gefeofai {+Fly MR+}
 56654 | Pan      | Noticed Fick the pandemonium lord
 56668 | Pan      | Killed Fick the pandemonium lord
 56877 | Pan      | Reached skill level 26 in Invocations
 56922 | Pan      | Entered the realm of Mnoleg.
 56925 | Pan      | Noticed Mnoleg
 56970 | Pan      | Got a glowing rune of Zot
 56988 | Pan      | Gained mutation: You are clumsy. (Dex -2) [a cacodemon]
 57008 | Pan      | Gained mutation: You are occasionally teleported next to
                  | monsters. [a cacodemon]
 57014 | Pan      | Gained mutation: Your magical capacity is low. (-10% MP) [a
                  | cacodemon]
 57046 | Pan      | Lost intelligence.
 57049 | Pan      | Gained mutation: You have sharp fingernails. [a cacodemon]
 57054 | Pan      | HP: 28/217 [disintegration (14)]
 57174 | Pan      | Lost mutation: Your magical capacity is low. (-10% MP)
                  | [potion of mutation]
 57174 | Pan      | Lost mutation: You have sharp fingernails. [potion of
                  | mutation]
 57174 | Pan      | Lost mutation: You are occasionally teleported next to
                  | monsters. [potion of mutation]
 57174 | Pan      | Gained mutation: You evolve. [potion of mutation]
 57174 | Pan      | Gained mutation: Your flesh is cold resistant. (rC+)
                  | [potion of mutation]
 57409 | Pan      | Entered the realm of Gloorx Vloq.
 58010 | Pan      | Reached skill level 27 in Invocations
 58307 | Pan      | Reached skill level 5 in Evocations
 58447 | Pan      | Reached skill level 6 in Evocations
 58447 | Pan      | Reached XP level 26. HP: 172/224 MP: 40/40
 58798 | Pan      | Reached skill level 7 in Evocations
 58956 | Pan      | Noticed Gloorx Vloq
 59062 | Pan      | Killed Gloorx Vloq
 59070 | Pan      | Got a dark rune of Zot
 59243 | Pan      | Reached skill level 12 in Armour
 59248 | Pan      | Noticed Hebreoqe the pandemonium lord
 59272 | Pan      | Reached skill level 8 in Evocations
 59280 | Pan      | Noticed Lom Lobon
 59689 | Pan      | Noticed Xitoptos the pandemonium lord
 59691 | Pan      | Gained mutation: Armour fits poorly on your strangely
                  | shaped body. [a cacodemon]
 59703 | Pan      | Found an exit through the horrors of the Abyss.
 59717 | Pan      | Took an exit into the Abyss.
 59717 | Abyss:1  | Escaped into the Abyss
 59717 | Abyss:1  | Found a corrupted altar of Lugonu.
 59808 | Depths:3 | Escaped the Abyss
 60101 | Elf:3    | Entered Level 3 of the Elven Halls
 60101 | Elf:3    | Found a flickering gateway to a bazaar.
 60133 | Elf:3    | Reached skill level 9 in Evocations
 60205 | Elf:3    | Reached skill level 13 in Armour
 60391 | Elf:3    | Reached skill level 19 in Dodging
 60627 | Bazaar   | Entered a bazaar
 60629 | Bazaar   | Found Maclul's Antique Weapon Emporium.
 60648 | Bazaar   | Found Tadot's Antique Armour Shoppe.
 60686 | Bazaar   | Found Iruipouq's Book Shoppe.
 60694 | Bazaar   | Found Ruosan's Book Shop.
 60790 | Bazaar   | Bought a shiny helmet for 157 gold pieces
 61147 | Elf:3    | Found the +0 pair of hand wraps "Fists of Thunder" {elec,
                  | rElec Slay+2}
 61194 | Elf:3    | Identified the +1 long sword "Fuahaqafuits" {vamp, Dex+3}
 61199 | Elf:3    | Identified the ring "Zyilog" {Dex+3 Stlth++}
 61207 | Elf:3    | Identified the cursed +1 quarterstaff "Atrut" {flame, rElec
                  | rPois Str+4}
 61407 | Elf:3    | Found Cuttot's Gadget Boutique.
 61415 | Elf:3    | Bought a wand of digging (7) for 176 gold pieces
 61415 | Elf:3    | Bought a phantom mirror for 220 gold pieces
 61415 | Elf:3    | Bought a wand of digging (7) for 176 gold pieces
 61415 | Elf:3    | Bought a wand of digging (9) for 220 gold pieces
 61415 | Elf:3    | Bought a wand of acid (5) for 132 gold pieces
 61415 | Elf:3    | Bought a phantom mirror for 220 gold pieces
 61928 | Shoals:1 | Killed ihansama's ghost
 61938 | Lair:4   | Killed Nikola2751's ghost
 61939 | Lair:4   | Reached skill level 20 in Dodging
 61945 | Lair:4   | Killed Wired's ghost
 62010 | Shoals:1 | Killed Galewind's ghost
 62317 | Vaults:2 | Bought a scroll of teleportation for 102 gold pieces
 62317 | Vaults:2 | Bought a scroll of teleportation for 102 gold pieces
 62326 | Vaults:3 | Entered Level 3 of the Vaults
 62530 | Vaults:3 | Reached XP level 27. HP: 99/231 MP: 40/40
 62660 | Vaults:3 | Reached skill level 21 in Dodging
 62834 | Vaults:3 | Gained mutation: You do not regenerate when monsters are
                  | visible. [evolution]
 63004 | Vaults:3 | Reached skill level 10 in Evocations
 63090 | Vaults:3 | Identified the +3 dagger of Wonnamp {holy, *Corrode +Inv
                  | rPois}
 63151 | Vaults:3 | Noticed a golden dragon
 63165 | Vaults:3 | Killed a golden dragon
 63238 | Vaults:3 | Reached skill level 11 in Evocations
 63363 | Vaults:3 | Identified the +11 morningstar "Yzxirivu" {flame, rElec
                  | Dex+2}
 63395 | Vaults:3 | Found Cyuki's Armour Shoppe.
 63747 | Vaults:3 | Reached skill level 23 in Fighting
 63917 | Vaults:3 | Reached skill level 12 in Evocations
 64348 | Vaults:3 | Got a silver rune of Zot
 64574 | Vaults:3 | Identified The Arcane Secrets of Witchcraft
 64594 | Vaults:3 | Identified the cursed +1 short sword "Qaugoaw" {venom,
                  | rPois rF++ MR+}
 65417 | Depths:4 | Found Kecronnos's Jewellery Shop.
 65417 | Depths:4 | Found Yqucamyg's Gadget Emporium.
 65418 | Depths:4 | Found Nunoxeoc's Gadget Emporium.
 65424 | Depths:4 | Bought a wand of clouds (4) for 285 gold pieces
 65426 | Depths:4 | Bought the amulet of the Four Winds {rN+ MR+++ Clar} for
                  | 965 gold pieces
 65426 | Depths:4 | Found the amulet of the Four Winds {rN+ MR+++ Clar}
 65718 | Depths:5 | Entered Level 5 of the Depths
 65749 | Depths:5 | Reached skill level 13 in Evocations
 66285 | Depths:5 | Found a gate to the Realm of Zot.
 66500 | Depths:5 | Reached skill level 24 in Fighting
 66570 | Zot:1    | Entered Level 1 of the Realm of Zot
 66738 | Zot:3    | Reached skill level 22 in Dodging
 66777 | Zot:4    | Noticed a golden dragon
 66786 | Zot:4    | Killed a golden dragon
 66871 | Zot:4    | Noticed a golden dragon
 66880 | Zot:4    | Killed a golden dragon
 67058 | Zot:5    | Entered Level 5 of the Realm of Zot
 67058 | Zot:5    | Noticed a golden dragon
 67081 | Zot:5    | Killed a golden dragon
 67193 | Zot:5    | Noticed a golden dragon
 67208 | Zot:5    | Killed a golden dragon
 67565 | Zot:5    | Noticed an ancient lich
 67581 | Zot:5    | Killed an ancient lich
 67922 | Zot:5    | Noticed an orb of fire
 67932 | Zot:5    | Lost mutation: You do not regenerate when monsters are
                  | visible. [an orb of fire]
 67941 | Zot:5    | Killed an orb of fire
 67991 | Zot:5    | Noticed an ancient lich
 68013 | Zot:5    | Killed an ancient lich
 68015 | Zot:5    | Noticed an orb of fire
 68020 | Zot:5    | Gained mutation: You are frail. (-10% HP) [an orb of fire]
 68027 | Zot:5    | Killed an orb of fire
 68043 | Zot:5    | Reached skill level 23 in Dodging
 68115 | Zot:5    | Noticed an ancient lich
 68117 | Zot:5    | Noticed an orb of fire
 68122 | Zot:5    | Killed an ancient lich
 68132 | Zot:5    | Killed an orb of fire
 68133 | Zot:5    | Reached skill level 14 in Armour
 68192 | Zot:5    | Noticed an ancient lich
 68198 | Zot:5    | Killed an ancient lich
 68201 | Zot:5    | Reached skill level 25 in Fighting
 68259 | Zot:5    | Noticed a Killer Klown
 68267 | Zot:5    | Killed a Killer Klown
 68459 | Zot:5    | Got the Orb of Zot
 68502 | Zot:5    | Identified the +6 sword of Cerebov {flame}
 68502 | Zot:5    | Noticed Cerebov
 68930 | D:1      | Noticed a seraph
 68966 | D:$      | Escaped with the Orb!

Skill      XL: |  1  2  3  4  5  6  7  8  9 10 11 12 13 14 15 16 17 18 19 20 21 22 23 24 25 26 27 |
---------------+----------------------------------------------------------------------------------+-----
Polearms       | 5 6 7 8 9 10 12 14 16 18 20 24 25 26 | 26.0
Fighting       | 4 5 6 7 8 9 11 12 14 16 17 18 21 22 25 | 25.2
Dodging        | 5 6 8 9 12 14 16 17 18 20 23 | 23.8
Armour         | 1 3 5 7 8 9 11 13 14 | 14.4
Evocations     | 4 6 9 13 | 13.0
Invocations    | 6 11 12 16 19 20 22 25 27 | 27.0
Stealth        | 7 12 14 | 14.0
Throwing       | |  2.0

Action                   |  1- 3 |  4- 6 |  7- 9 | 10-12 | 13-15 | 16-18 | 19-21 | 22-24 | 25-27 || total
-------------------------+-------+-------+-------+-------+-------+-------+-------+-------+-------++-------
Melee: Trident           |   125 |   140 |   327 |       |       |       |       |       |       ||   592
       Tailslap          |       |       |     8 |       |     1 |    41 |     1 |     7 |     3 ||    61
       Glaive            |       |       |   110 |    71 |   753 |  1145 |   445 |       |       ||  2524
       Halberd           |       |       |       |   492 |   160 |       |       |       |       ||   652
       Spear             |       |       |       |    10 |       |       |       |       |       ||    10
       Hand crossbow     |       |       |       |     1 |       |       |       |       |       ||     1
       Bardiche          |       |       |       |       |       |       |   366 |  1072 |  1626 ||  3064
 Fire: Hand crossbow     |       |       |       |    13 |    15 |       |       |       |       ||    28
Throw: Throwing net      |       |     5 |       |     1 |       |       |       |     1 |       ||     7
       Tomahawk          |       |       |    29 |    97 |    54 |    16 |    28 |    83 |    10 ||   317
       Javelin           |       |       |       |       |       |       |       |       |    25 ||    25
Invok: Shadow Step       |       |       |       |       |    35 |    54 |    42 |    58 |    89 ||   278
       Shadow Form       |       |       |       |       |       |       |     1 |     2 |     7 ||    10
 Abil: Evoke Invisibilit |       |       |       |       |       |       |       |       |     8 ||     8
Evoke: Wand              |       |       |     3 |     7 |     6 |     5 |    23 |    13 |    27 ||    84
       Lamp of fire      |       |       |       |       |     2 |     1 |     2 |     4 |     3 ||    12
       Lightning rod     |       |       |       |       |     1 |     7 |     1 |       |     5 ||    14
       Fan of gales      |       |       |       |       |       |       |       |     2 |     1 ||     3
       Sack of spiders   |       |       |       |       |       |       |       |     1 |     1 ||     2
       Phial of floods   |       |       |       |       |       |       |       |     1 |       ||     1
       Box of beasts     |       |       |       |       |       |       |       |       |     1 ||     1
       Phantom mirror    |       |       |       |       |       |       |       |       |     1 ||     1
  Use: Scroll            |       |     3 |    14 |     7 |    17 |     6 |     9 |    10 |    17 ||    83
       Potion            |       |     1 |       |       |       |     2 |     5 |     8 |    24 ||    40
 Stab: Sleeping          |     4 |       |       |       |       |     1 |    24 |       |       ||    29
       Paralysed         |       |       |     3 |     3 |     9 |       |       |       |     2 ||    17
       Held in net/web   |       |       |       |     2 |       |       |       |       |       ||     2
       Distracted        |       |       |       |     1 |     2 |    11 |    15 |     6 |     8 ||    43
       Petrified         |       |       |       |       |       |     6 |       |       |       ||     6
       Confused          |       |       |       |       |       |     1 |       |     4 |       ||     5
       Invisible         |       |       |       |       |       |       |       |     1 |    32 ||    33
  Eat: Chunk             |     5 |     8 |    30 |    27 |    45 |    36 |    31 |    18 |    38 ||   238
       Ration            |       |       |     1 |     2 |     3 |     4 |     3 |     9 |    11 ||    33
Armor: Leather armour    |    18 |    16 |       |       |       |       |       |       |       ||    34
       Chain mail        |       |    52 |   131 |    55 |       |       |       |       |       ||   238
       Scale mail        |       |       |       |    79 |   129 |   107 |    49 |       |       ||   364
       Gold dragon scale |       |       |       |       |       |       |    79 |   463 |   803 ||  1345
Dodge: Dodged            |    59 |    49 |   147 |   346 |   736 |  1044 |   498 |  1048 |  1431 ||  5358
       Deflected         |       |       |     9 |    24 |    17 |    20 |    25 |    40 |    49 ||   184

Levels and vault maps discovered:
D:1:      wander_arrival_fairy_ring, layout_loops_corners
D:2:      layout_loops_cross, lemuel_crystal_altar, okawaru_gym_becter,
          first_ration
D:3:      layout_basic, uniq_terence
D:4:      gammafunk_cloud_chamber, layout_cave_pools,
          grunt_temple_overflow_champion_of_chaos, serial_bayou_lake_a,
          uniq_duvessa
D:5:      layout_rooms, minmay_temple_entry_antechambers
D:6:      layout_basic, ashenzari_altar_1, serial_shops, nicolae_shop_stone,
          lightli_sewer_entry_pipes
D:7:      layout_basic, gammafunk_temple_overflow_statue, serial_shops, shop,
          minmay_fractal_squares_5, uniq_menkaure
D:8:      layout_basic, lemuel_mausoleum_altar_yredelemnul, lemuel_doored_altar,
          kennysheep_mini, due_lair_maze_entry_diamond,
          bhauth_orc_entry_pike_square, gammafunk_ghost_hive, grunt_pizzeria,
          fedhas_altar_1
D:9:      layout_cross, kennysheep_mini_moat, serial_shops, shop, serial_bayou,
          serial_bayou_pond_d, serial_bayou_pond_e, uniq_psyche
D:10:     layout_rooms, serial_shops, nicolae_shop_competitors_out_of_business,
          uniq_maurice
D:11:     layout_basic, nicolae_trove_entry_free_sample
D:12:     grunt_enter_depths_magical_seal, layout_rooms,
          grunt_vaults_entry_fortified, serial_shops, freezing_bzr,
          grunt_decor_arrowhead, elyvilon_altar_4
Temple:   nicolae_temple_x_marks_the_god
Lair:1:   layout_loops_ring
Lair:2:   layout_regular_city, portal_ice_cave_rime,
          chequers_serial_rivers_micro_a
Lair:3:   layout_long_grid, spider_nest_entry_a, beast_lair_carwin_7,
          grunt_megastairs_1, minmay_lair_oklob_chamber, serial_bayou_shore_b,
          lemuel_fruit_tree, infiniplex_staircase_pool_2
Lair:4:   layout_misc_corridors, minmay_shoals_entry_hut,
          nicolae_volcano_entry_two_sided, serial_bayou_shore_b, uniq_snorg,
          uniq_grum
Lair:5:   layout_regular_city, minmay_slime_entry_oklob_open,
          minmay_lair_oklob_items, grunt_megastairs_5, serial_bayou_shore_a
Lair:6:   evilmike_catoblepas_cave, layout_hall_layers, basic_altar,
          uniq_nessos, uniq_kirke
Shoals:1: layout_shoals, gammafunk_ghost_cemetery
Shoals:2: layout_shoals, serial_shops, shop_fountains,
          nicolae_shoals_secluded_bog
Shoals:3: shoals_end_grunt_ice, layout_shoals, shoals_ilsuiw_ice,
          uniq_polyphemus, uniq_roxanne
Spider:1: layout_chambers, spider_trap
Spider:2: layout_chambers, nicolae_orb_stairs
Spider:3: spider_rune_water
Orc:      st_orc_open, layout_caves, serial_shops, nicolae_shop_window_shopping
Elf:1:    eino_elf_arrival_shootout, layout_geoelf_grid,
          infiniplex_enter_wizlab_spiral, hangedman_elven_crosses_minicolossus,
          minmay_misc_feat_rows, st_stairs_14, glass_columns_a,
          serial_sigils_hangedman_gnaw, uniq_saint_roka
Elf:2:    nicolae_elf_blades_crystal_corner, layout_rooms, basic_altar,
          uniq_zenata
Elf:3:    elf_hall, layout_rooms, serial_shops, bzr_entry_dummy, shop,
          billiards_dpeg
Vaults:1: vaults_room_hallway, nicolae_vaults_angled_halls, v_misc_3,
          v_pattern_5, dpeg_vaults_waves, nicolae_vaults_puzzle_piece,
          v_misc_13, ontoclasm_vaults_shuriken, vaults_mumra_chevron_long,
          minmay_crypt_entry_simple_walls, v_misc_16, ontoclasm_vaults_spin,
          ontoclasm_vaults_pinch, layout_vaults_omnibox
Vaults:2: ontoclasm_vaults_claustrophobia, hangedman_vaults_capsules,
          ontoclasm_vaults_loading_screen, layout_vaults_omnigrid, serial_shops,
          shop
Vaults:3: serial_shops
Depths:1: layout_cave_pools, skrybe_limestone_x, abyss_entry, hell_entry,
          nicolae_concentric_dashed_squares_mild, serial_bayou_pond_a,
          kennysheep_generic_room_4
Depths:2: cross_vault, layout_long_grid, hangedman_abyss_or_decor_lesser_grid,
          pf_vacation_house_of_asmodeus, infiniplex_staircase_x
Depths:3: kennysheep_oblong_rooms, layout_basic, enter_ziggurat_b,
          nrook_mini_vaults, abyss_entry, pf_hell_entry_tar_river,
          rand_demon_pan_entry_1, minmay_shop_star, uniq_mara
Depths:4: minmay_ornate_pinched, layout_cave_shapes, hell_entry, abyss_entry,
          rand_demon_pan_entry_7, grunt_decor_mini_mirrors, minmay_shop_grove,
          uniq_margery
Depths:5: evilmike_zot_entry_diamond, layout_cave_shapes, minmay_misc_feat_room,
          hell_entry, infiniplex_staircase_pool_lava, grunt_megastairs_2,
          serial_bayou_shore_b
Zot:1:    layout_concentric_octagons
Zot:2:    layout_basic, st_large_dragon_hoard_1
Zot:3:    cheibrodos_zot_enchanting_chambers, layout_concentric_octagons,
          grunt_ministairs_2, st_large_dragon_hoard_4
Zot:4:    layout_concentric_octagons
Zot:5:    layout_onion

Table legend:
 A = Turns spent in this place as a percentage of turns spent in the entire game.
 B = Non-inter-level travel turns spent in this place as a percentage of non-inter-level travel turns spent in the entire game.
 C = Inter-level travel turns spent in this place as a percentage of turns spent in this place.
 D = Turns resting spent in this place as a percentage of non-inter-level travel turns spent in this place.
 E = Turns spent auto-exploring this place as a percentage of non-inter-level travel turns spent in this place.
 F = Non-inter-level travel turns spent in this place divided by the number of levels of this place that you've seen.
                   A       B       C       D       E      F
               +-------+-------+-------+-------+-------+----------------------
         Total | 100.0 | 100.0 |   9.8 |  23.2 |  47.2 | 928.7
       Dungeon |  23.9 |  22.2 |  16.3 |  16.7 |  58.3 | 1151.0
        Temple |   0.1 |   0.1 |   0.0 |   0.0 |  80.8 |  52.0
          Lair |  13.0 |  12.5 |  13.0 |  12.5 |  65.2 | 1298.5
        Shoals |   6.8 |   6.7 |  11.1 |  12.2 |  60.3 | 1382.7
   Spider Nest |   6.6 |   7.1 |   3.2 |  18.2 |  64.2 | 1474.3
  Orcish Mines |   1.6 |   1.4 |  20.4 |  10.6 |  58.9 | 856.0
   Elven Halls |   7.3 |   7.6 |   6.3 |  27.1 |  40.2 | 1579.7
        Vaults |  10.1 |   9.9 |  11.8 |  22.8 |  49.1 | 2054.3
        Depths |  11.7 |  11.6 |  10.7 |  23.8 |  51.4 | 1444.6
           Zot |   2.9 |   3.3 |   0.0 |  49.6 |   7.8 | 406.6
         Abyss |   0.1 |   0.1 |   0.0 |  73.6 |   0.0 |  91.0
   Pandemonium |  11.3 |  12.5 |   0.0 |  47.8 |   3.7 | 433.1
        Bazaar |   0.7 |   0.8 |   0.0 |   0.0 |  58.3 | 235.0
         Sewer |   0.5 |   0.5 |   0.0 |   0.0 |  54.1 | 340.0
      Ice Cave |   1.6 |   1.8 |   0.0 |  13.8 |  44.3 | 1093.0
       Volcano |   0.7 |   0.8 |   0.0 |  26.8 |  36.8 | 478.0
        Wizlab |   1.0 |   1.1 |   0.0 |  34.9 |  16.7 | 714.0
               +-------+-------+-------+-------+-------+----------------------

Table legend:
 A = Kills in this place as a percentage of kills in entire the game.
 B = Kills by you in this place as a percentage of kills by you in the entire game.
 C = Kills by friends in this place as a percentage of kills by friends in the entire game.
 D = Other kills in this place as a percentage of other kills in the entire game.
 E = Experience gained in this place as a percentage of experience gained in the entire game.
 F = Experience gained in this place divided by the number of levels of this place that you have seen.
                   A       B       C       D       E      F
               +-------+-------+-------+-------+-------+----------------------
         Total | 100.0 | 100.0 | 100.0 | 100.0 | 100.0 | 23375.6
       Dungeon |  16.5 |  17.9 |   4.2 |  18.8 |   3.1 | 4066.0
          Lair |   7.8 |   8.4 |   3.2 |   0.0 |   3.9 | 10143.2
        Shoals |   5.5 |   5.5 |   5.6 |   6.2 |   4.9 | 25625.3
   Spider Nest |   5.8 |   5.8 |   5.6 |   6.2 |   3.5 | 18074.7
  Orcish Mines |   3.5 |   3.9 |   0.5 |   0.0 |   1.2 | 18999.0
   Elven Halls |   9.1 |   8.9 |  11.1 |   6.2 |  10.1 | 52603.3
        Vaults |  13.8 |  13.8 |  14.8 |   6.2 |  17.1 | 89210.0
        Depths |  14.7 |  14.5 |  15.7 |  25.0 |  20.8 | 65145.4
           Zot |   2.9 |   2.5 |   6.5 |   0.0 |  12.1 | 37854.0
   Pandemonium |  16.4 |  14.6 |  31.5 |  25.0 |  21.4 | 18621.3
         Sewer |   0.7 |   0.8 |   0.0 |   0.0 |   0.0 | 349.0
      Ice Cave |   2.1 |   2.4 |   0.0 |   0.0 |   0.7 | 10514.0
       Volcano |   0.3 |   0.3 |   0.5 |   6.2 |   0.2 | 2655.0
        Wizlab |   0.8 |   0.8 |   0.9 |   0.0 |   1.1 | 17276.0
               +-------+-------+-------+-------+-------+----------------------
